 Dungeon Crawl Stone Soup version 0.16-a0-3260-g19c2095 (console) character file.

53 Fusha the Magician (level 3, -7/19 HPs)
             Began as a Deep Elf Wizard on Dec 23, 2014.
             Mangled by Sigmund
             ... wielding a +0 scythe
              (9 damage)
             ... on level 2 of the Dungeon.
             The game lasted 00:09:14 (1902 turns).

Fusha the Magician (Deep Elf Wizard)                Turns: 1902, Time: 00:09:14

Health: -7/19      AC:  2    Str:  4    XL:     3   Next: 62%
Magic:  4/14       EV: 13    Int: 23    God:
Gold:   69         SH:  0    Dex: 13    Spells: 6 memorised, 0 levels left

rFire  . . .     SeeInvis .     f - +0 dagger (venom)
rCold  . . .     Clarity  .     a - +0 robe
rNeg   . . .     SustAb   .     (no shield)
rPois  .         Gourm    .     b - +0 hat
rElec  .         Spirit   .     (no cloak)
rCorr  .         Warding  .     (no gloves)
rMut   .         Stasis   .     (no boots)
MR     .....                    e - amulet of rage
Stlth  +.........               (no ring)
                                (no ring)

@: confused, very slightly contaminated, not resistant to hostile enchantments,
very unstealthy
A: no striking features
a: Evoke Berserk Rage


You were on level 2 of the Dungeon.
You were hungry.

You visited 1 branch of the dungeon, and saw 3 of its levels.

You collected 69 gold pieces.

Inventory:

Hand weapons
 f - a +0 dagger of venom (weapon)
Armour
 a - a +0 robe (worn)
 b - a +0 hat (worn)
Jewellery
 e - an amulet of rage (around neck)
 j - an uncursed amulet of resist corrosion
Scrolls
 g - 2 scrolls of enchant armour {unknown}
 i - a scroll of noise {unknown}
 k - 2 scrolls of recharging {unknown}
 l - 2 scrolls of random uselessness {unknown}
 m - 2 scrolls of amnesia {unknown}
 p - a scroll of teleportation {unknown}
 q - a scroll of fear {unknown}
 r - 2 scrolls of identify {unknown}
 t - 2 scrolls of remove curse {unknown}
Potions
 n - a potion of haste {unknown}
 o - a potion of restore abilities {unknown}
Books
 c - a book of Minor Magic

   Spells                             Type                      Level
   a - Magic Dart                     Conjuration                  1
   b - Blink                          Translocation                2
   c - Call Imp                       Summoning                    2
   d - Repel Missiles                 Charms/Air                   2
   e - Slow                           Hexes                        2
   f - Conjure Flame                  Conjuration/Fire             3
   g - Mephitic Cloud                 Conjuration/Poison/Air       3
Comestibles
 d - a bread ration
 s - a chunk of flesh
 u - a beef jerky


   Skills:
 + Level 0.1 Fighting
 + Level 2.8 Dodging
 + Level 2.9 Stealth
 + Level 5.6 Spellcasting
 + Level 1.9 Conjurations
 + Level 1.1 Summonings
 + Level 1.1 Translocations


You couldn't memorise any spells.
You knew the following spells:

 Your Spells              Type           Power        Failure   Level  Hunger
a - Magic Dart            Conj           ###.         4%          1    None
b - Repel Missiles        Chrm/Air       #.....       17%         2    None
c - Call Imp              Summ           ##......     10%         2    None
d - Blink                 Tloc           N/A          10%         2    None
e - Mephitic Cloud        Conj/Pois/Air  #.......     21%         3    ##.....
f - Conjure Flame         Conj/Fire      ##......     21%         3    ##.....


Dungeon Overview and Level Annotations

Branches:
Dungeon (3/15)

Altars:
Xom

Annotations:
D:2 Sigmund


Message History

Nothing appears to happen.
Sigmund barely misses you.
Casting: Conjure Flame
Confirm with . or Enter, or press ? or * to list all spells.
Aiming: Conjure Flame
Press: ? - help, Dir - move target cursor You miscast Conjure Flame.
Wisps of smoke drift from your hands.
Sigmund mumbles some strange words.
Sigmund flickers and vanishes!
Casting: Conjure Flame
Confirm with . or Enter, or press ? or * to list all spells.
Aiming: Conjure Flame
Press: ? - help, Dir - move target cursor You miscast Conjure Flame.
You smell smoke.
You hear some strange, mumbled words.
You are confused.
You bump into the rock wall.
Something hits you.
* * * LOW HITPOINT WARNING * * *
You bump into the rock wall.
You're too confused to move!
Something hits you!
You die...

........# #.......###^###
######### #........†....# #
####### #.####.####...######
# #.....#
#.####.#####........ #
#.###.####..............#####
#
#.#.............#####[.......
# #...(......###### #.###....
# ##.....####.##########.#
#.###
####............@.........#
#.#
......#.##########.########
#.# ##)##.#.### #[# #.#
.#'##.#..># #.# #.#
##)≈#####.# #.# #.# ##.≈≈≈#
#.# #.# #.# ##...≈# #.# #.#
##)#♣.# #.########.# ...##'#
#..........#


There were no monsters in sight!

Vanquished Creatures
  A giant gecko (D:3)
  2 oozes
  A ball python (D:2)
  6 goblins
  10 hobgoblins
  3 jackals (D:3)
  5 bats
  3 giant cockroaches (D:1)
  3 giant newts (D:2)
  8 kobolds
  3 rats
45 creatures vanquished.

Notes
Turn   | Place    | Note
--------------------------------------------------------------
     0 | D:1      | Fusha, the Deep Elf Wizard, began the quest for the Orb.
     0 | D:1      | Reached XP level 1. HP: 10/10 MP: 6/6
   486 | D:1      | Reached skill level 5 in Spellcasting
   486 | D:1      | Reached XP level 2. HP: 15/15 MP: 5/11
   490 | D:1      | Learned a level 2 spell: Repel Missiles
   493 | D:1      | Learned a level 2 spell: Call Imp
   496 | D:1      | Learned a level 2 spell: Blink
  1117 | D:2      | Reached XP level 3. HP: 19/19 MP: 10/14
  1146 | D:2      | Found a shimmering altar of Xom.
  1150 | D:2      | Found a shimmering altar of Xom.
  1151 | D:2      | Found a shimmering altar of Xom.
  1151 | D:2      | Found a shimmering altar of Xom.
  1424 | D:2      | Noticed Sigmund
  1445 | D:3      | Learned a level 3 spell: Mephitic Cloud
  1449 | D:3      | Learned a level 3 spell: Conjure Flame
  1752 | D:3      | Noticed an ogre
  1902 | D:2      | Mangled by Sigmund

Action                   || total
-------------------------++-------
Melee: Unarmed           ||     1
       Dagger            ||    12
 Cast: Magic Dart        ||   111
       Repel Missiles    ||     1
       Mephitic Cloud    ||     1
  Use: Potion            ||     2
  Eat: Chunk             ||     2
